 Dungeon Crawl Stone Soup version 0.29.1-2-gbd0b4ee654 (webtiles) character file.

Game seed: 5172547287329921598

119304 GeoRichter the Executioner (level 16, -1/149 HPs)
             Began as a Hill Orc Fighter on Nov 15, 2022.
             Was the Champion of Makhleb.
             Slain by Rupert
             ... wielding a +4 executioner's axe of electrocution
              (7 damage)
             ... on level 1 of the Snake Pit.
             The game lasted 01:01:20 (29497 turns).

GeoRichter the Executioner (Hill Orc Fighter)      Turns: 29497, Time: 01:01:21

Health: -1/149     AC: 29    Str: 25    XL:     16   Next: 79%
Magic:  27/27      EV: 10    Int: 11    God:    Makhleb [******]
Gold:   1553       SH:  0    Dex: 10    Spells: 15/15 levels left

rFire   + + +      SeeInvis +   a - +4 battleaxe (vorpal)
rCold   . . .      Faith    +   (shield currently unavailable)
rNeg    . . .      Spirit   .   r - +0 plate armour "Wixky" {Drain +Inv rElec rF+++}
rPois   +          Reflect  .   Q - +1 helmet {Int+3}
rElec   +          Harm     .   x - +0 cloak
rCorr   .          Rampage  .   L - +2 pair of gloves
Will    ++...                   f - +0 pair of boots
Stlth   ..........              C - amulet of faith {!P}
HPRegen 0.34/turn               M - +4 ring of protection
MPRegen 0.20/turn               m - ring of Hyopt {rPois Will+ Dex-2 Slay+2 SInv}

@: on berserk cooldown, slowed, very slow
A: no striking features
a: Renounce Religion, Evoke Invisibility, Minor Destruction, Lesser Servant of
Makhleb, Major Destruction, Greater Servant of Makhleb


You were on level 1 of the Snake Pit.
You worshipped Makhleb.
Makhleb was exalted by your worship.
You visited 5 branches of the dungeon, and saw 23 of its levels.
You also visited: Volcano.

You collected 3594 gold pieces.
You spent 2041 gold pieces at shops.

Inventory:

Hand Weapons
 a - a +4 vorpal battleaxe (weapon)
   (You took it off a wight on level 9 of the Dungeon)
 b - a +4 morningstar
   (You took it off a wight on level 8 of the Dungeon)
 W - a +0 broad axe
   (You found it in a volcano)
 X - a +2 great mace of flaming
   (You found it in a volcano)
Missiles
 p - 16 javelins (quivered)
 y - 19 throwing nets {!f}
Armour
 c - a +0 buckler
 f - a +0 pair of boots (worn)
   (You found it on level 6 of the Dungeon)
 h - a +0 plate armour
   (You found it on level 1 of the Dungeon)
 r - the +0 plate armour "Wixky" (worn) {Drain +Inv rElec rF+++}
   (You bought it in a shop on level 1 of the Dungeon)

   rF:        It renders you almost immune to fire.
   rElec:     It insulates you from electricity.
   +Inv:      It lets you turn invisible.
   Drain:     It drains your maximum health when unequipped.
 x - a +0 cloak (worn)
   (You found it on level 3 of the Dungeon)
 L - a +2 pair of gloves (worn)
   (You found it on level 8 of the Dungeon)
 Q - a +1 helmet of intelligence (worn)
   (You bought it in a shop on level 9 of the Dungeon)
Jewellery
 m - the ring of Hyopt (right hand) {rPois Will+ Dex-2 Slay+2 SInv}
   (You found it on level 2 of the Dungeon)

   [ring of willpower]

   Dex:       It affects your dexterity (-2).
   Slay:      It affects your accuracy & damage with ranged weapons and melee
   (+2).
   rPois:     It protects you from poison.
   SInv:      It lets you see invisible.
   Will:      It increases your willpower.
 q - a ring of flight
   (You found it on level 2 of the Dungeon)
 v - an amulet of the acrobat
   (You found it on level 3 of the Dungeon)
 C - an amulet of faith (around neck) {!P}
   (You found it on level 9 of the Dungeon)
 M - a +4 ring of protection (left hand)
   (You found it on level 1 of the Dungeon)
 O - a ring of resist corrosion
   (You took it off Amaemon on level 9 of the Dungeon)
 V - a ring of protection from fire
   (You found it on level 3 of the Lair of Beasts)
Wands
 J - a wand of roots (14)
   (You found it on level 7 of the Dungeon)
 N - a wand of light (10)
   (You took it off Amaemon on level 9 of the Dungeon)
 S - a wand of digging (3)
   (You took it off Grum on level 11 of the Dungeon)
Scrolls
 d - 2 scrolls of brand weapon
 e - 2 scrolls of enchant armour
 k - 7 scrolls of noise {!r}
 l - 2 scrolls of silence
 n - 4 scrolls of vulnerability {!r}
 o - 4 scrolls of teleportation {@r4}
 t - 8 scrolls of amnesia
 u - 4 scrolls of immolation {!r}
 w - 3 scrolls of poison
 R - 2 scrolls of enchant weapon
 U - a scroll of identify {@r1}
 Y - 5 scrolls of butterflies
Potions
 g - 2 potions of attraction {unknown}
 j - 2 potions of berserk rage
 s - 10 potions of curing {@q1}
 z - 7 potions of flight
 A - 3 potions of haste {@q3}
 B - a potion of lignification {unknown}
 D - a potion of ambrosia {unknown}
 E - a potion of heal wounds {@q2}
 F - 3 potions of mutation {!q}
 H - 5 potions of brilliance
 I - 6 potions of might
 P - 2 potions of cancellation
 T - a potion of resistance
 Z - a potion of invisibility
Miscellaneous
 G - a phantom mirror (inert)
   (You found it on level 13 of the Dungeon)
 K - a condenser vane
   (You found it on level 1 of the Lair of Beasts)


   Skills:
 + Level 15.1 Fighting
 * Level 22.1 Axes
 + Level 4.0 Throwing
 + Level 13.1 Armour
 + Level 7.6 Dodging
 - Level 8.9 Shields
 + Level 14.7 Invocations
 - Level 5.0 Evocations


You had 15 spell levels left.
You didn't know any spells.
Your spell library contained the following spells:

 Spells                   Type           Power      Damage    Failure   Level
 Necrotise                Necr           0%         1d4       96%         1
 Ensorcelled Hibernation  Hex/Ice        0%         N/A       99%         2
 Passwall                 Tmut/Erth      0%         N/A       99%         2
 Call Canine Familiar     Summ           0%         N/A       100%        3
 Dazzling Flash           Conj/Hex       0%         N/A       100%        3
 Gell's Gravitas          Tloc           0%         N/A       100%        3
 Lesser Beckoning         Tloc           0%         N/A       100%        3
 Portal Projectile        Hex/Tloc       0%         N/A       100%        3
 Swiftness                Air            0%         N/A       100%        3
 Teleport Other           Tloc           0%         N/A       100%        3
 Vampiric Draining        Necr           0%         2d6       100%        3
 Anguish                  Hex/Necr       0%         N/A       100%        4
 Animate Armour           Summ/Erth      0%         N/A       100%        4
 Iskenderun's Mystic Bla  Conj/Tloc      0%         2d3       100%        4
 Leda's Liquefaction      Hex/Erth       0%         N/A       100%        4
 Passage of Golubria      Tloc           0%         N/A       100%        4
 Agony                    Necr           0%         N/A       100%        5
 Alistair's Intoxication  Tmut/Pois      0%         N/A       100%        5
 Blade Hands              Tmut           0%         N/A       100%        5
 Borgnjor's Vile Clutch   Necr/Erth      0%         N/A       100%        5
 Irradiate                Conj/Tmut      0%         3d11      100%        5
 Silence                  Hex/Air        0%         N/A       100%        5
 Eringya's Noxious Bog    Tmut/Pois      0%         N/A       100%        6
 Iron Shot                Conj/Erth      0%         9d1       100%        6
 Starburst                Conj/Fire      0%         6d3       100%        6
 Dragon Form              Tmut           0%         N/A       100%        7
 Enfeeble                 Hex            0%         N/A       100%        7
 Lehudib's Crystal Spear  Conj/Erth      0%         10d2      100%        8


Dungeon Overview and Level Annotations

Branches:
Dungeon (14/15) Zot: 26571  Temple (1/1) D:4 Zot: 5917    Lair (5/5) D:10 Zot: 22928
 Shoals (0/4) Lair:2        Snake (1/4) Lair:2 Zot: 5537   Slime (0/5) Lair:5
    Orc (2/2) D:12 Zot: 10247     Elf (0/3) Orc:2        Vaults (0/5) D:13
Volcano (visited)

Altars:
Ashenzari
Cheibriados
Dithmenos
Elyvilon
Fedhas
Gozag
Hepliaklqana
Kikubaaqudgha
Makhleb
Nemelex Xobeh
Okawaru
Qazlal
Ru
Sif Muna
Trog
Uskayaw
Vehumet
Wu Jian
Xom
Yredelemnul
Zin
The Shining One
Jiyva

Shops:
D:1 [   D:9 [   D:14 *   Orc:1 (   Orc:2 ![!(

Annotations:
D:7 3 runed translucent doors, peterlawrence's ghost, novice MiFi
Lair:1 3 runed translucent doors, Rigoremortis's ghost, journeyman TrFi
Lair:4 3 runed translucent doors, Leuwkezxoe's ghost, journeyman MiFi
Snake:1 Rupert


Message History

You cut the naga mage into ribbons!!!
You kill the naga mage!
Makhleb accepts your kill.
You feel better.
You barely miss the shock serpent. You slice the black mamba!!
Your orange demon closely misses the shock serpent.
Your orange demon hits the shock serpent.
The shock serpent dies!
Makhleb accepts your kill.
You closely miss the black mamba. The black mamba barely misses you.
You closely miss the black mamba. The black mamba closely misses you.
Your orange demon stings the black mamba from afar!
You slice the black mamba!!
You kill the black mamba!
Makhleb accepts your kill.
You feel better.
Unknown command.
You feel a strong urge to attack something.
You are no longer berserk.
You are exhausted.
You feel yourself slow down.
Things that are here:
a +0 scimitar; a +0 robe; 10 gold pieces Rupert shouts!
Rupert throws a stone.
The stone barely misses you.
Rupert screams, "Hurray!"
Things that are here:
a +0 club; an anaconda corpse Your orange demon stings Rupert from afar.
Rupert is poisoned.
Your orange demon poisons Rupert!
Rupert asks, "You're a monster, aren't you?"
Rupert roars madly and goes into a rage!
Rupert goes berserk!
You slash Rupert!
Rupert hits you with a +4 executioner's axe of electrocution!!
* * * LOW HITPOINT WARNING * * *
Your orange demon closely misses Rupert.
Rupert hits you with a +4 executioner's axe of electrocution.
* * * LOW HITPOINT WARNING * * *
Okay, then.
You swap places.
Rupert hits your orange demon with a +4 executioner's axe of electrocution!!!
Lightning courses through your orange demon!
Your orange demon dies!
Your orange demon disappears in a puff of smoke!
Okay, then.
Okay, then.
Aim: Rupert, wielding a +4 executioner's axe of electrocution, wearing a +0 chain mail and quivering stones (lightly wounded, berserk, very poisoned)
You reflect Rupert with the mirror!
The mirror clouds!
Rupert hits you with a +4 executioner's axe of electrocution!
You die...

... #..........
♣N.♣.♣ ...>
.......^.. ♣....♣
....##.........
♣.♣..
#..............
♣....
#..............
♣♣..♣♣ #...#)......
♣....♣ #....)#####
♣♣P.P♣ #...).)...##
♣....♣
#.........@####...#
#.......)).@@.†..##
#.........####)###
#.........# #.#
#.........# ###
#.........#
###########


You could see Rupert (berserk, very poisoned, ally target) and the friendly
Rupert (summoned, berserk, very poisoned, drained).

Vanquished Creatures
  A juggernaut (shapeshifter) (D:11)
  A storm dragon (D:12)
  A tengu reaver (D:12)
  A stone giant (Orc:2)
  A war gargoyle (D:12)
  Josephine (D:12)
  A yaktaur captain (D:12)
  A fire dragon (Lair:5)
  6 hydras
  Erolcha (D:11)
  5 boulder beetles
  An ogre mage (Orc:2)
  A catoblepas (Lair:3)
  5 centaur warriors
  2 dancing weapons (D:13)
  11 two-headed ogres
  3 tengu warriors
  3 anacondas (Snake:1)
  Urug (D:13)
  Sonja (D:12)
  An iron troll (Orc:2)
  7 skeletal warriors
  Amaemon (D:9)
  A flayed ghost (D:12)
  A deep troll (Orc:2)
  A naga ritualist (Snake:1)
  Pikel (D:9)
  2 lindwurms (Lair:5)
  An orc knight (Orc:2)
  2 mana vipers (Snake:1)
  3 ugly things
  14 slime creatures
  3 cyclopes
  An orc sorcerer (Orc:1)
  2 manticores
  20 elephants
  Joseph (D:7)
  2 naga magi (Snake:1)
  A merfolk siren (Lair:2)
  8 black mambas
  4 molten gargoyles
  A torpor snail (Lair:5)
  An eye of devastation (Lair:5)
  5 gargoyles
  11 cane toads
  An orange demon (D:9)
  An unseen horror (D:12)
  2 kobold demonologists (D:12)
  2 rime drakes (D:12)
  9 komodo dragons
  A yaktaur (D:12)
  A meliai (shapeshifter) (D:13)
  13 trolls
  2 merfolk (Lair:2)
  3 hornets
  A merfolk (shapeshifter) (D:12)
  23 blink frogs
  Grinder (D:6)
  5 dream sheep (Lair:4)
  Prince Ribbit (Lair:1)
  A centaur simulacrum (D:12)
  A shadow (D:11)
  A water elemental (D:14)
  3 wyverns
  49 yaks
  9 wraiths
  5 basilisks
  A fire elemental (Volcano)
  4 steam dragons
  Grum (D:11)
  15 vampire mosquitoes
  A warg (Orc:2)
  Menkaure (D:7)
  2 acid dragons
  10 nagas
  4 hell hounds (Lair:5)
  25 water moccasins
  Duvessa (D:6)
  A meliai simulacrum (D:14)
  4 sky beasts
  A swamp drake (Lair:4)
  5 black bears
  13 orc warriors
  5 ice beasts
  19 ogres
  3 centaurs
  16 wolves
  A lemure (D:9)
  4 kobold brigands
  12 bullfrogs
  5 gnoll sergeants
  2 necrophages (D:6)
  5 scorpions
  15 wights
  Dowan (D:6)
  2 jellies
  The ghost of Goreval the Insei, a weakling MfTm of Nemelex Xobeh (D:3)
  2 howler monkeys (D:3)
  2 electric eels (D:6)
  6 lava snakes
  4 quasits (D:3)
  15 hounds
  5 gnoll boudas
  12 orc priests
  An iguana (D:6)
  18 orc wizards
  59 gnolls
  20 adders
  2 white imps
  An ufetubus (D:4)
  3 worms
  A dart slug (D:4)
  74 orcs
  4 ball pythons
  3 bats
  3 endoplasms (D:1)
  2 giant cockroaches
  7 goblins
  5 hobgoblins
  21 jackals
  21 kobolds
  A quokka (D:2)
  6 frilled lizards
  8 rats
764 creatures vanquished.

Vanquished Creatures (collateral kills)
  A fire giant (D:12)
  A frost giant (D:12)
  Nessos (D:13)
  Snorg (Lair:3)
  2 hydras (Lair:5)
  Harold (D:9)
  An ogre mage (Orc:2)
  A centaur warrior (D:12)
  A shock serpent (Snake:1)
  A skeletal warrior (D:13)
  An orc knight (Orc:1)
  An orc sorcerer (Orc:1)
  An ugly thing (D:13)
  2 cyclopes
  An elephant (Lair:5)
  A merfolk siren (Lair:2)
  A cane toad (Lair:5)
  A rime drake (Lair:5)
  2 komodo dragons (Lair:5)
  A troll (Orc:2)
  5 blink frogs
  A shadow (D:12)
  2 wraiths (D:12)
  A floating eye (Lair:5)
  3 orc warriors (Orc:1)
  5 ogres
  2 wolves
  An orc priest (Orc:1)
  An orc wizard (Orc:1)
  4 orcs
48 creatures vanquished.

Vanquished Creatures (others)
  A centaur (D:12)
  56 fungi
  46 plants
  A withered plant (D:3)
104 creatures vanquished.

Grand Total: 916 creatures vanquished

Notes
Turn   | Place    | Note
-------+----------+-------------------------------------------
     0 | D:1      | GeoRichter the Hill Orc Fighter began the quest for the
                  | Orb.
     0 | D:1      | Reached XP level 1. HP: 19/19 MP: 1/1
    29 | D:1      | Reached skill level 3 in Axes
    29 | D:1      | Reached XP level 2. HP: 26/27 MP: 2/2
   331 | D:1      | Reached skill level 4 in Axes
   354 | D:1      | Reached XP level 3. HP: 33/33 MP: 3/3
   610 | D:1      | Found Xatheu Poowk's Armour Shop.
   919 | D:2      | Identified the ring of Hyopt {rPois Will+ Dex-2 Slay+2
                  | SInv}
  1177 | D:2      | Reached XP level 4. HP: 41/41 MP: 4/4
  1219 | D:2      | Reached skill level 5 in Axes
  2014 | D:3      | Noticed a black bear
  2031 | D:3      | Killed a black bear
  2032 | D:3      | Reached skill level 5 in Fighting
  2032 | D:3      | Reached skill level 6 in Axes
  2032 | D:3      | Reached XP level 5. HP: 44/48 MP: 5/5
  2094 | D:3      | Found a faded altar of an unknown god.
  2135 | D:3      | Noticed a black bear
  2139 | D:3      | Killed a black bear
  2140 | D:3      | Reached skill level 7 in Axes
  2140 | D:3      | Reached XP level 6. HP: 55/56 MP: 6/6
  2160 | D:3      | Found a transporter.
  2169 | D:3      | Found a transporter.
  2172 | D:3      | Found a blossoming altar of Fedhas.
  2380 | D:3      | Noticed Goreval's ghost (weakling MfTm)
  2833 | D:3      | Reached skill level 8 in Axes
  2833 | D:3      | Reached XP level 7. HP: 50/63 MP: 7/7
  3185 | D:3      | Reached skill level 9 in Axes
  3654 | D:4      | Reached XP level 8. HP: 69/71 MP: 8/8
  3675 | D:4      | Reached skill level 1 in Dodging
  4143 | D:4      | Found a staircase to the Ecumenical Temple.
  4149 | Temple   | Entered the Ecumenical Temple
  4214 | Temple   | Became a worshipper of Makhleb the Destroyer
  4323 | D:5      | Entered Level 5 of the Dungeon
  4375 | D:4      | Reached skill level 1 in Invocations
  4543 | D:4      | Reached skill level 10 in Axes
  4865 | D:5      | Found an iron altar of Okawaru.
  5064 | D:5      | Found a sparkling altar of Nemelex Xobeh.
  5219 | D:5      | Found an ancient bone altar of Kikubaaqudgha.
  5295 | D:5      | Reached XP level 9. HP: 76/79 MP: 11/11
  5513 | D:5      | Found a hide-covered altar of Uskayaw.
  5667 | D:6      | Reached skill level 5 in Armour
  5755 | D:6      | Reached skill level 11 in Axes
  5755 | D:6      | Reached skill level 5 in Shields
  5756 | D:6      | Reached * piety under Makhleb
  6280 | D:6      | Noticed Duvessa
  6289 | D:6      | Noticed Grinder
  6296 | D:6      | Noticed Dowan
  6298 | D:6      | Killed Grinder
  6302 | D:6      | Killed Duvessa
  6306 | D:6      | Killed Dowan
  6321 | D:6      | Reached ** piety under Makhleb
  6322 | D:6      | Reached skill level 12 in Axes
  6424 | D:6      | Reached skill level 5 in Invocations
  6427 | D:6      | Reached XP level 10. HP: 72/90 MP: 13/13
  7340 | D:7      | Noticed Menkaure
  7346 | D:7      | Killed Menkaure
  7480 | D:7      | Found a runed translucent gate.
  7480 | D:7      | Found a runed translucent gate.
  7480 | D:7      | Found a runed translucent gate.
  7508 | D:7      | Found a hazy altar of Hepliaklqana.
  7697 | D:7      | Noticed Joseph
  7741 | D:7      | Killed Joseph
  7742 | D:7      | Reached skill level 13 in Axes
  7907 | D:7      | Found an opulent altar of Gozag.
  8054 | D:7      | Noticed peterlawrence's ghost (novice MiFi)
  8425 | D:8      | Reached *** piety under Makhleb
  8889 | D:8      | Reached XP level 11. HP: 80/99 MP: 16/16
  9032 | D:9      | Found a stormy altar of Qazlal.
  9055 | D:9      | Reached skill level 14 in Axes
  9254 | D:9      | Noticed Harold
  9274 | D:9      | Killed Harold
  9514 | D:9      | Noticed Pikel
  9550 | D:9      | Reached skill level 10 in Fighting
  9567 | D:9      | Killed Pikel
  9850 | D:9      | Noticed Amaemon
  9867 | D:9      | Killed Amaemon
 10419 | D:9      | Found Ucox's Antique Armour Shoppe.
 10429 | D:9      | Bought a runed helmet for 180 gold pieces
 10627 | D:10     | Entered Level 10 of the Dungeon
 10738 | D:10     | Noticed a boulder beetle
 10743 | D:10     | Reached **** piety under Makhleb
 11008 | D:10     | Killed a boulder beetle
 11009 | D:10     | Reached skill level 15 in Axes
 11326 | D:10     | Found a staircase to the Lair.
 11482 | D:10     | Noticed a moth of wrath
 11485 | D:10     | Found a bloodstained altar of Trog.
 11552 | Lair:1   | Entered Level 1 of the Lair of Beasts
 11552 | Lair:1   | Noticed Prince Ribbit
 11648 | D:10     | Identified a scroll of acquirement
 11649 | D:10     | Acquired 1141 gold pieces
 11882 | D:1      | Bought the +0 plate armour "Wixky" {Drain +Inv rElec rF+++}
                  | for 1027 gold pieces
 12023 | D:3      | Killed Goreval's ghost
 12246 | Lair:1   | Killed Prince Ribbit
 12251 | Lair:1   | Reached XP level 12. HP: 58/108 MP: 18/18
 12761 | Lair:1   | Reached skill level 16 in Axes
 13016 | Lair:1   | Reached skill level 1 in Evocations
 13370 | Lair:1   | Found a runed translucent gate.
 13371 | Lair:1   | Found a runed translucent gate.
 13371 | Lair:1   | Noticed Rigoremortis's ghost (journeyman TrFi)
 13372 | Lair:1   | Found a runed translucent gate.
 13821 | Lair:2   | Found a staircase to the Shoals.
 14152 | Lair:2   | Found a staircase to the Snake Pit.
 14456 | Lair:2   | Noticed an eight-headed hydra
 14469 | Lair:2   | Killed an eight-headed hydra
 14655 | Lair:2   | Reached skill level 10 in Invocations
 15095 | Lair:3   | Noticed a four-headed hydra
 15106 | Lair:3   | Killed a four-headed hydra
 15142 | Lair:3   | Reached XP level 13. HP: 114/116 MP: 20/20
 15577 | Lair:3   | Noticed Snorg
 15586 | Lair:3   | Killed Snorg
 15587 | Lair:3   | Reached skill level 17 in Axes
 16045 | Lair:4   | Reached ***** piety under Makhleb
 16134 | Lair:4   | Found a dark tunnel.
 16139 | Volcano  | Entered a volcano
 16184 | Volcano  | Reached skill level 5 in Evocations
 16605 | Lair:4   | Reached skill level 10 in Armour
 16674 | Lair:4   | You fall into a shaft and drop 1 floor!
 16674 | Lair:5   | Entered Level 5 of the Lair of Beasts
 17027 | Lair:4   | Found a runed translucent gate.
 17028 | Lair:4   | Found a runed translucent gate.
 17028 | Lair:4   | Noticed an acid blob
 17029 | Lair:4   | Found a runed translucent gate.
 17029 | Lair:4   | Noticed an azure jelly
 17030 | Lair:4   | Noticed an azure jelly
 17031 | Lair:4   | Noticed an azure jelly
 17031 | Lair:4   | Noticed an azure jelly
 17031 | Lair:4   | Noticed Leuwkezxoe's ghost (journeyman MiFi)
 17031 | Lair:4   | Noticed an acid blob
 17031 | Lair:4   | Noticed an azure jelly
 17031 | Lair:4   | Noticed an azure jelly
 17031 | Lair:4   | Noticed an azure jelly
 17032 | Lair:4   | Noticed an azure jelly
 17133 | Lair:4   | Reached skill level 18 in Axes
 17612 | Lair:4   | Found a viscous altar of Jiyva.
 17691 | Lair:5   | Reached XP level 14. HP: 125/127 MP: 22/22
 18081 | Lair:5   | Reached ****** piety under Makhleb
 18298 | Lair:5   | Paralysed by a floating eye for 2 turns
 18384 | Lair:5   | Reached skill level 19 in Axes
 18394 | Lair:5   | Found a staircase to the Slime Pits.
 18606 | Lair:5   | Reached skill level 5 in Dodging
 19420 | Lair:5   | Found a large runed translucent door.
 19422 | Lair:5   | Found a large runed translucent door.
 19475 | Lair:5   | Identified the +2 robe "Zykhluwn" {Contam Rampage rF+
                  | Archmagi}
 20265 | D:11     | Noticed Erolcha
 20277 | D:11     | Killed Erolcha
 20513 | D:11     | Noticed Grum
 20520 | D:11     | Killed Grum
 20936 | D:11     | Noticed a juggernaut
 20951 | D:11     | Killed a juggernaut
 20952 | D:11     | Reached XP level 15. HP: 57/136 MP: 24/24
 20988 | D:11     | Reached skill level 20 in Axes
 21429 | D:12     | Noticed a tengu reaver
 21429 | D:12     | Noticed a storm dragon
 22222 | D:12     | Killed a tengu reaver
 22249 | D:12     | Noticed Sonja
 22906 | D:12     | Noticed a frost giant
 22949 | D:12     | Noticed a tengu reaver
 23722 | D:12     | Killed Sonja
 24201 | D:12     | Noticed a fire giant
 24201 | D:12     | Noticed Josephine
 24208 | D:12     | Killed Josephine
 24211 | D:12     | Killed a fire giant
 24219 | D:12     | Reached skill level 1 in Throwing
 24295 | D:12     | Killed a frost giant
 24296 | D:12     | Reached skill level 21 in Axes
 24550 | D:12     | Killed a storm dragon
 25059 | D:13     | Identified the +6 scimitar "Etuarou" {vorpal, rCorr Stlth+}
 25061 | D:13     | Noticed Nessos
 25066 | D:13     | Killed Nessos
 25428 | D:13     | Reached XP level 16. HP: 115/147 MP: 26/26
 25684 | D:13     | Found a gate to the Vaults.
 25781 | D:13     | Noticed Urug
 25793 | D:13     | Killed Urug
 26819 | D:14     | Found Pym Zuew's General Store.
 26824 | D:14     | Bought a potion of haste for 170 gold pieces
 27096 | D:12     | Found a staircase to the Orcish Mines.
 27152 | Orc:1    | Entered Level 1 of the Orcish Mines
 27183 | Orc:1    | Found Irenloefu's Weapon Emporium.
 27428 | Orc:2    | Entered Level 2 of the Orcish Mines
 27447 | Orc:2    | Found a staircase to the Elven Halls.
 28082 | Orc:2    | Found Utos Teemm's Antique Weapon Shop.
 28106 | Orc:2    | Found Jerorhot's Armour Shop.
 28107 | Orc:2    | Found Wyof's Distillery.
 28123 | Orc:2    | Found Koucs's Distillery.
 28127 | Orc:2    | Reached skill level 15 in Fighting
 28207 | Orc:2    | Bought 2 potions of berserk rage for 160 gold pieces
 28207 | Orc:2    | Bought a potion of invisibility for 128 gold pieces
 28207 | Orc:2    | Bought a potion of cancellation for 128 gold pieces
 28207 | Orc:2    | Bought a potion of resistance for 160 gold pieces
 28212 | Orc:2    | Bought a potion of mutation for 88 gold pieces
 29027 | Snake:1  | Entered Level 1 of the Snake Pit
 29050 | Snake:1  | Noticed Rupert
 29441 | Snake:1  | Reached skill level 22 in Axes
 29495 | Snake:1  | HP: 5/149 [Rupert/+4 executioner's axe of electrocution
                  | (5)]
 29497 | Snake:1  | Slain by Rupert

Illustrated notes

Levels and vault maps discovered:
D:1:      dreamdust_arrival_sigmund_warning, layout_loops_ring, serial_shops,
          shop
D:2:      layout_loops_corners
D:3:      lemuel_castle_with_subvaults [lemuel_castle_interior_carwin_3],
          layout_basic, lemuel_round_altar, gammafunk_ghost_stat_death,
          shapermc_ecumenical_altar_flowoftime
D:4:      layout_loops_cross, temple_green
D:5:      layout_gridville, nicolae_overflow_quartered_altars
D:6:      layout_cave_pools, serial_gnoll_camp, gnoll_camp_huts_moat,
          gnoll_camp_mini_basic, gnoll_camp_medium_01, gnoll_camp_mini_house,
          gnoll_camp_mini_doghouse, uniq_grinder, uniq_duvessa
D:7:      layout_basic, mainiacjoe_overflow_small_starburst,
          nicolae_gozag_seed_capital, ebering_ghost_rock_garden,
          grunt_ministairs_6, uniq_joseph, uniq_menkaure
D:8:      layout_cave_pods
D:9:      layout_loops_ring, nicolae_qazlal_style_of_elements, serial_shops,
          shop, uniq_amaemon, uniq_harold, uniq_pikel
D:10:     layout_irregular_city, tgw_trog, grunt_lair_entry_orc_guard_hut,
          chequers_jeans, nicolae_figureground_sparkle
D:11:     layout_irregular_city, nicolae_lava_and_water, minmay_radiant,
          uniq_erolcha, uniq_grum
D:12:     layout_long_grid, hiddenorc2_lemuel, serial_shops, freezing_bzr,
          portal_ice_cave_rime, nicolae_rejected_hall, uniq_sonja,
          uniq_josephine
D:13:     layout_long_grid, erik_vaults_1, nicolae_elevator_lobby_plus,
          uniq_nessos, uniq_urug
D:14:     layout_basic, columned_hall_lemuel, serial_shops, nicolae_shop_stone,
          pond, uniq_jorgrun, uniq_roxanne, uniq_agnes
Temple:   nicolae_temple_god_jail
Lair:1:   layout_cave_shapes, gauntlet_entry_generic, gammafunk_ghost_split,
          lemuel_fruit_fields, grunt_megastairs_1, uniq_prince_ribbit2
Lair:2:   layout_misc_corridors, elwin_shoals_entry_stream,
          minmay_snake_entry_guardpost_small, st_stairs_10,
          nicolae_lair_grove_arrangements
Lair:3:   layout_regular_city, uniq_snorg
Lair:4:   lemuel_reptile_caves, layout_regular_city, gammafunk_ghost_ooze,
          enter_volcano_4
Lair:5:   cheibrodos_lair_end_hotspot, layout_small_grid,
          minmay_slime_entry_eyes
Snake:1:  gammafunk_sealed_library, layout_rooms, beargit_elvish_explorers,
          uniq_rupert
Orc:1:    layout_caves, serial_shops, nicolae_shop_bloodbath_and_beyond,
          library_closet
Orc:2:    st_orc_open, layout_diamond_mine

Skill      XL: |  1  2  3  4  5  6  7  8  9 10 11 12 13 14 15 16 |
---------------+-------------------------------------------------+-----
Axes           | 3 4 6 7 8 9 10 12 13 15 16 18 19 21 22 | 22.1
Fighting       | 4 5 6 7 8 9 10 11 12 13 14 15 | 15.1
Dodging        | 1 2 4 5 6 7 |  7.6
Armour         | 4 6 7 8 9 10 11 12 13 | 13.1
Shields        | 4 6 7 8 |  8.9
Invocations    | 2 5 6 8 10 11 12 13 14 | 14.7
Evocations     | 3 5 |  5.0
Throwing       | 2 4 |  4.0

Action                   |  1- 3 |  4- 6 |  7- 9 | 10-12 | 13-15 | 16-18 || total
-------------------------+-------+-------+-------+-------+-------+-------++-------
Melee: War axe           |    68 |    99 |   371 |   382 |       |       ||   920
       Morningstar       |       |       |       |   312 |    33 |       ||   345
       Battleaxe         |       |       |       |    11 |   732 |   263 ||  1006
       Punch             |       |       |       |     1 |       |       ||     1
Throw: Javelin           |       |     3 |     1 |       |     1 |     8 ||    13
Invok: Minor Destruction |       |       |    11 |    16 |    11 |     1 ||    39
       Lesser Servant of |       |       |       |     6 |    13 |    14 ||    33
       Major Destruction |       |       |       |       |    20 |     1 ||    21
       Greater Servant o |       |       |       |       |     6 |     2 ||     8
Evoke: Phantom mirror    |       |       |       |       |     1 |     1 ||     2
       Wand              |       |       |       |       |       |     1 ||     1
       Condenser vane    |       |       |       |       |       |     1 ||     1
  Use: Scroll            |       |     1 |     6 |    13 |    12 |     3 ||    35
       Potion            |       |       |     1 |       |     9 |     5 ||    15
 Stab: Distracted        |       |       |       |       |     2 |       ||     2
Armor: Scale mail        |     5 |       |       |       |       |       ||     5
       Plate armour      |    31 |    67 |   217 |   482 |   665 |   212 ||  1674
Dodge: Dodged            |    18 |    22 |   143 |   300 |   311 |   129 ||   923
Block: Buckler           |    12 |    13 |    66 |   189 |       |       ||   280
